 Dungeon Crawl Stone Soup version 0.29-a0-284-gf9362112df (webtiles) character file.

Game seed: 5988554769077863686

221 bande the Skirmisher (level 5, 0/34 HPs)
             Began as a Gargoyle Fighter on Mar 29, 2022.
             Slain by an iguana (9 damage)
             ... on level 4 of the Dungeon.
             The game lasted 00:04:04 (2545 turns).

bande the Skirmisher (Gargoyle Fighter)             Turns: 2545, Time: 00:04:05

Health: 0/34       AC: 11    Str: 19    XL:     5   Next: 98%
Magic:  5/5        EV:  9    Int:  9    God:
Gold:   254        SH:  4    Dex: 11    Spells: 4/4 levels left

rFire   . . .      SeeInvis .   a - +1 war axe
rCold   . . .      Faith    .   c - +0 buckler
rNeg    + . .      Spirit   .   b - +0 scale mail
rPois   ∞          Reflect  .   (no helmet)
rElec   +          Harm     .   (no cloak)
rCorr   .          Rampage  .   (no gloves)
Will    .....                   (no boots)
Stlth   ..........              (no amulet)
HPRegen 0.11/turn               (no ring)
MPRegen 0.09/turn               (no ring)

@: studying Long Blades
A: sickness immunity, AC +4, negative energy resistance 1, electricity
resistance, torment resistance 1, petrification resistance
a: no special abilities


You were on level 4 of the Dungeon.
You visited 1 branch of the dungeon, and saw 4 of its levels.

You collected 254 gold pieces.

Inventory:

Hand Weapons
 a - a +1 war axe (weapon)
Armour
 b - a +0 scale mail (worn)
 c - a +0 buckler (worn)
Jewellery
 k - a ring of positive energy
Scrolls
 f - a scroll of teleportation
 g - 2 scrolls of enchant weapon
 h - a scroll of amnesia
 i - a scroll of identify
Potions
 d - 2 potions of might
 e - a potion of heal wounds
 j - a potion of magic {unknown}


   Skills:
 + Level 4.5 Fighting
 + Level 3.9 Axes
 + Level 4.1 Armour
 + Level 4.0 Shields


You had 4 spell levels left.
You didn't know any spells.
Your spell library contained the following spells:

 Spells                   Type           Power      Damage    Failure   Level
 Beastly Appendage        Tmut           0%         N/A       83%         1
 Wereblood                Tmut           0%         N/A       93%         2
 Conjure Flame            Conj/Fire      0%         6-21      99%         3
 Ignite Poison            Fire/Tmut/Pois 0%         N/A       99%         3
 Spider Form              Tmut/Pois      0%         N/A       99%         3
 Sticky Flame             Conj/Fire      0%         2d3       100%        4


Dungeon Overview and Level Annotations

Branches:
Dungeon (4/15)
 Temple: D:4-7

Altars:
Dithmenos

Shops:
D:1 =


Innate Abilities, Weirdness & Mutations

You are immune to sickness and miasma.
Your stone body is resilient. (AC +4)
You are immune to poison.
You resist negative energy. (rN+)
You are resistant to electric shocks. (rElec)
You are resistant to unholy torment.
You are immune to petrification.


Message History

A hobgoblin comes into view.
The hobgoblin shouts!
You hear an angry hiss.
You see here a hobgoblin corpse.
A hobgoblin is nearby!
An iguana comes into view.
The hobgoblin hits you but does no damage.
You barely miss the hobgoblin. The hobgoblin hits you. x2
You slash the hobgoblin!
You kill the hobgoblin!
You block the iguana's attack.
You see here a hobgoblin corpse.
You closely miss the iguana. The iguana bites you!
You slash the iguana!
The iguana is severely wounded.
The iguana bites you but does no damage.
You hit the iguana.
The iguana is almost dead.
The iguana bites you but does no damage.
The iguana bites you!
You are too injured to fight recklessly!
You are too injured to fight recklessly!
You are too injured to fight recklessly!
You are too injured to fight recklessly!
You are too injured to fight recklessly!
You are too injured to fight recklessly!
You are too injured to fight recklessly!
You are too injured to fight recklessly!
The iguana bites you.
* * * LOW HITPOINT WARNING * * *
You barely miss the iguana.
The iguana is almost dead.
You block the iguana's attack.
You barely miss the iguana.
The iguana is almost dead.
The iguana barely misses you. The iguana bites you.
* * * LOW HITPOINT WARNING * * *
You hit the iguana.
The iguana is almost dead.
The iguana bites you!
You die...

####.#..## .. ..##.!...#
#.......... ..####...#
#.......... ..####...#.
#..........
.........#.###..........
......<..# .............
.........# ..#.........
...[.....# #.#.........
........##.##.#.@l.##
........##......†...#
........##..#....##.#
............#...## #
........##.....##
####.##.#####†.####
#..#+#####.....#
#..........##.#
#..........# #


You could see an iguana.

Vanquished Creatures
  A necrophage (D:4)
  2 hounds (D:4)
  4 adders (D:3)
  A worm (D:4)
  2 dart slugs
  6 orcs
  4 ball pythons
  4 endoplasms
  4 giant cockroaches
  4 goblins
  7 hobgoblins
  3 quokkas
  4 bats
  5 frilled lizards
  4 kobolds
  4 rats (D:1)
59 creatures vanquished.

Notes
Turn   | Place    | Note
-------+----------+-------------------------------------------
     0 | D:1      | bande the Gargoyle Fighter began the quest for the Orb.
     0 | D:1      | Reached XP level 1. HP: 14/14 MP: 1/1
   193 | D:1      | Reached XP level 2. HP: 19/19 MP: 2/2
   414 | D:1      | Found Ihiathrao's One-of-a-Kind Rings.
   825 | D:2      | Reached XP level 3. HP: 24/24 MP: 3/3
   851 | D:2      | Found a shadowy altar of Dithmenos.
   883 | D:2      | Found a faded altar of an unknown god.
  1446 | D:3      | Reached XP level 4. HP: 21/29 MP: 4/4
  2255 | D:4      | Reached XP level 5. HP: 30/33 MP: 5/5
  2545 | D:4      | Slain by an iguana

Illustrated notes

Levels and vault maps discovered:
D:1:      amcnicky_arrival_abandoned_market, layout_basic,
          nicolae_shop_unique_rings
D:2:      layout_rooms, shapermc_ecumenical_altar_mp_urbaneastern, basic_altar
D:3:      layout_loops_cross
D:4:      layout_basic, minmay_temple_entry_junction_2, solitary_fountain,
          minmay_manual_moon

Skill      XL: |  1  2  3  4  5 |
---------------+----------------+-----
Axes           | 2 3 |  3.9
Fighting       | 4 |  4.5
Armour         | 4 |  4.1
Shields        | 4 |  4.0

Action                   |  1- 3 |  4- 6 || total
-------------------------+-------+-------++-------
Melee: War axe           |   124 |    77 ||   201
  Use: Scroll            |     6 |     1 ||     7
Armor: Scale mail        |    86 |    38 ||   124
Dodge: Dodged            |    77 |    33 ||   110
Block: Buckler           |    35 |    17 ||    52

Table legend: (Time is in decaauts)
 A = Elapsed time spent in this place.
 B = Non-inter-level travel time spent in this place.
 C = Inter-level travel time spent in this place.
 D = Time resting spent in this place.
 E = Time spent auto-exploring this place.
 F = Levels seen in this place.
 G = Mean time per level.
                   A        B        C        D        E       F      G
               +--------+--------+--------+--------+--------+-----+--------+
         Total |   2628 |   2519 |    109 |      0 |   1981 |   4 |  657.0 |
       Dungeon |   2628 |   2519 |    109 |      0 |   1981 |   4 |  657.0 |
               +--------+--------+--------+--------+--------+-----+--------+

Top non-repeatable levels by time:
     D:3: 785 daAuts
     D:1: 754 daAuts
     D:4: 565 daAuts
     D:2: 523 daAuts
